TOP OF THE 1ST |
Chicago (NYP) White Sox batting - Pitching for Staten Island Yankees : RHP Bret Davies
|
Pitching: RHP Bret Davies
|
|
Batting: LHB Adam Tarbutton
|
0-0: Reached on error, E5 (Groundball, 56, EV 105.6 MPH)
|
Batting: RHB Russ Cornett
|
0-0: Ball Adam Tarbutton is caught stealing 2nd base 2-4 1-0: Ball 2-0: Swinging Strike 2-1: Called Strike 2-2: Foul Ball, location: 2F 2-2: Ball 3-2: Foul Ball, location: 2F 3-2: Base on Balls
|
Batting: SHB Alfie Bungledorf
|
0-0: Called Strike 0-1: Ball 1-1: SINGLE (Groundball, 56D, EV 104.4 MPH) Russ Cornett to second
|
Batting: RHB Will Washburn
|
0-0: Foul Ball, location: 2F 0-1: Ball 1-1: Ball 2-1: Called Strike 2-2: Ball 3-2: Base on Balls Russ Cornett to third Alfie Bungledorf to second
|
Batting: RHB Adan Lake
|
0-0: Called Strike 0-1: Swinging Strike 0-2: Foul Ball, location: 2F 0-2: Ball 1-2: Ball 2-2: Ball 3-2: Fielders Choice at 2nd, 5-4 (Groundball, 56, EV 81.9 MPH) Russ Cornett scores Alfie Bungledorf to third
|
Batting: SHB Curtis Thompson
|
0-0: Ball 1-0: DOUBLE (Line Drive, 78XD, EV 111.2 MPH) Alfie Bungledorf scores Adan Lake to third
|
Batting: RHB David Clark
|
0-0: Swinging Strike 0-1: Ball 1-1: Foul Ball, location: 2F 1-2: Ball 2-2: Strikes out swinging
|
Top of the 1st over - 2 runs, 2 hits, 1 error, 2 left on base; Chicago (NYP) 2 - Staten Island 0 |
BOTTOM OF THE 1ST |
Staten Island Yankees batting - Pitching for Chicago (NYP) White Sox : RHP Joe Schuler
|
Pitching: RHP Joe Schuler
|
|
Batting: RHB Norimoto Miyanishi
|
0-0: Called Strike 0-1: Ball 1-1: Ball 2-1: Ground out 6-3 (Groundball, 6, EV 90.0 MPH)
|
Batting: RHB Brian Warren
|
0-0: SOLO HOME RUN (Flyball, 7D, EV 96.9 MPH), Distance : 380 ft
|
Batting: LHB Joe Vida
|
0-0: Called Strike 0-1: Called Strike 0-2: Ball 1-2: Strikes out swinging
|
Batting: RHB Mike Zern
|
0-0: Called Strike 0-1: Swinging Strike 0-2: Strikes out swinging
|
Bottom of the 1st over - 1 run, 1 hit, 0 errors, 0 left on base; Chicago (NYP) 2 - Staten Island 1 |
TOP OF THE 2ND |
Chicago (NYP) White Sox batting - Pitching for Staten Island Yankees : RHP Bret Davies
|
Batting: RHB Armando Vazquez
|
0-0: Ball 1-0: Called Strike 1-1: Ball 2-1: Ball 3-1: Swinging Strike 3-2: Strikes out looking
|
Batting: RHB Ioan Biros
|
0-0: Called Strike 0-1: Ball 1-1: Swinging Strike 1-2: Ball 2-2: Foul Ball, location: 2F 2-2: Strikes out looking
|
Batting: LHB Adam Tarbutton
|
0-0: Called Strike 0-1: Fly out, F7 (Flyball, 78M, EV 92.5 MPH)
|
Top of the 2nd over - 0 runs, 0 hits, 0 errors, 0 left on base; Chicago (NYP) 2 - Staten Island 1 |
BOTTOM OF THE 2ND |
Staten Island Yankees batting - Pitching for Chicago (NYP) White Sox : RHP Joe Schuler
|
Batting: SHB Josh Parker
|
0-0: Ball 1-0: Ball 2-0: Foul Ball, location: 2F 2-1: SOLO HOME RUN (Flyball, 9LD, EV 91.9 MPH), Distance : 351 ft
|
Batting: RHB Nick Murray
|
0-0: Ground out 6-3 (Groundball, 56, EV 85.0 MPH)
|
Batting: LHB Mike Schermerhorn
|
0-0: Ball 1-0: Ball 2-0: Called Strike 2-1: Swinging Strike 2-2: Strikes out swinging
|
Batting: RHB Nate Singleton
|
0-0: Ball 1-0: Ball 2-0: Called Strike 2-1: Called Strike 2-2: Foul Ball, location: 2F 2-2: Ball 3-2: Fly out, F7 (Flyball, 78M, EV 82.5 MPH)
|
Bottom of the 2nd over - 1 run, 1 hit, 0 errors, 0 left on base; Chicago (NYP) 2 - Staten Island 2 |
TOP OF THE 3RD |
Chicago (NYP) White Sox batting - Pitching for Staten Island Yankees : RHP Bret Davies
|
Batting: RHB Russ Cornett
|
0-0: SINGLE (Groundball, 56D, EV 106.9 MPH)
|
Batting: SHB Alfie Bungledorf
|
0-0: Ball 1-0: Ball 2-0: Swinging Strike 2-1: Foul Ball, location: 2F 2-2: Strikes out swinging
|
Batting: RHB Will Washburn
|
0-0: Ball Wild Pitch! Russ Cornett to second 1-0: Ball 2-0: Fly out, F9 (Line Drive, 9, EV 87.5 MPH)
|
Batting: RHB Adan Lake
|
0-0: Called Strike 0-1: Called Strike 0-2: Foul Ball, location: 2F 0-2: Foul Ball, location: 2F 0-2: Ball 1-2: Foul Ball, location: 2F 1-2: Strikes out looking
|
Top of the 3rd over - 0 runs, 1 hit, 0 errors, 1 left on base; Chicago (NYP) 2 - Staten Island 2 |
BOTTOM OF THE 3RD |
Staten Island Yankees batting - Pitching for Chicago (NYP) White Sox : RHP Joe Schuler
|
Batting: SHB Adam Slade
|
0-0: Fly out, F7 (Flyball, 7, EV 90.0 MPH)
|
Batting: RHB Norimoto Miyanishi
|
0-0: Ball 1-0: Called Strike 1-1: Foul Ball, location: 2F 1-2: Ball 2-2: Foul Ball, location: 2F 2-2: Ball 3-2: Base on Balls
|
Batting: RHB Brian Warren
|
0-0: Called Strike Norimoto Miyanishi steals 2nd base 0-1: Swinging Strike 0-2: Ball 1-2: Fly out, F7 (Flyball, 7D, EV 106.2 MPH) Runner from 2nd tags up, SAFE at 3rd, no throw by LF
|
Batting: LHB Joe Vida
|
0-0: Swinging Strike 0-1: Swinging Strike 0-2: Strikes out swinging
|
Bottom of the 3rd over - 0 runs, 0 hits, 0 errors, 1 left on base; Chicago (NYP) 2 - Staten Island 2 |
TOP OF THE 4TH |
Chicago (NYP) White Sox batting - Pitching for Staten Island Yankees : RHP Bret Davies
|
Batting: SHB Curtis Thompson
|
0-0: Ball 1-0: Called Strike 1-1: Foul Ball, location: 2F 1-2: Foul Ball, location: 2F 1-2: Strikes out swinging
|
Batting: RHB David Clark
|
0-0: Ball 1-0: Ball 2-0: Called Strike 2-1: Ground out 4-3 (Groundball, 4, EV 91.9 MPH)
|
Batting: RHB Armando Vazquez
|
0-0: Ground out 6-3 (Groundball, 6, EV 98.8 MPH)
|
Top of the 4th over - 0 runs, 0 hits, 0 errors, 0 left on base; Chicago (NYP) 2 - Staten Island 2 |
BOTTOM OF THE 4TH |
Staten Island Yankees batting - Pitching for Chicago (NYP) White Sox : RHP Joe Schuler
|
Batting: RHB Mike Zern
|
0-0: Called Strike 0-1: Ground out 6-3 (Groundball, P, EV 86.9 MPH)
|
Batting: SHB Josh Parker
|
0-0: Fly out, F3 (Popup, 23F, EV 93.8 MPH)
|
Batting: RHB Nick Murray
|
0-0: Foul Ball, location: 2F 0-1: Ball 1-1: Ground out 4-3 (Groundball, 4, EV 88.8 MPH)
|
Bottom of the 4th over - 0 runs, 0 hits, 0 errors, 0 left on base; Chicago (NYP) 2 - Staten Island 2 |
TOP OF THE 5TH |
Chicago (NYP) White Sox batting - Pitching for Staten Island Yankees : RHP Bret Davies
|
Batting: RHB Ioan Biros
|
0-0: Reached on error, E6 (Groundball, 6, EV 102.5 MPH)
|
Batting: LHB Adam Tarbutton
|
0-0: Ball 1-0: Ball 2-0: Ball 3-0: Base on Balls
|
Batting: RHB Russ Cornett
|
0-0: Ball 1-0: Ball 2-0: Ball 3-0: Called Strike 3-1: Foul Ball, location: 2F 3-2: Foul Ball, location: 2F 3-2: Strikes out swinging
|
Batting: SHB Alfie Bungledorf
|
0-0: Ball 1-0: Foul Ball, location: 2F 1-1: Ball 2-1: Ball 3-1: SINGLE (Line Drive, 9LS, EV 103.8 MPH) Ioan Biros to third Adam Tarbutton to second
|
Pitching: RHP Nate LaCava
|
|
Batting: RHB Will Washburn
|
0-0: Ball 1-0: SINGLE (Groundball, 4D, EV 101.2 MPH) Ioan Biros scores Adam Tarbutton to third Alfie Bungledorf to second Runner from 3rd tries for Home, SAFE, throw by CF to home
|
Batting: RHB Adan Lake
|
0-0: Called Strike 0-1: Called Strike 0-2: Strikes out swinging
|
Batting: SHB Curtis Thompson
|
0-0: Called Strike 0-1: Swinging Strike 0-2: Ball 1-2: Ball 2-2: Foul Ball, location: 2F 2-2: Ball 3-2: Fly out, F8 (Flyball, 78M, EV 93.1 MPH)
|
Top of the 5th over - 2 runs, 2 hits, 1 error, 2 left on base; Chicago (NYP) 4 - Staten Island 2 |
BOTTOM OF THE 5TH |
Staten Island Yankees batting - Pitching for Chicago (NYP) White Sox : RHP Joe Schuler
|
Batting: LHB Mike Schermerhorn
|
0-0: Ball 1-0: Ball 2-0: Ball 3-0: Foul Ball, location: 2F 3-1: SINGLE (Line Drive, 9S, EV 94.4 MPH)
|
Batting: RHB Nate Singleton
|
0-0: Foul Ball, location: 2F 0-1: Ball 1-1: Ball 2-1: Called Strike 2-2: Ball 3-2: Foul Ball, location: 2F 3-2: Ground out 4-3 (Groundball, 34, EV 109.4 MPH) Mike Schermerhorn to second
|
Batting: SHB Adam Slade
|
0-0: Ball 1-0: Ball 2-0: Ball 3-0: Base on Balls
|
Batting: RHB Norimoto Miyanishi
|
0-0: Fly out, F9 (Line Drive, 9, EV 94.4 MPH)
|
Batting: RHB Brian Warren
|
0-0: Ball 1-0: Called Strike 1-1: Ball 2-1: SINGLE (Line Drive, 89M, EV 105.0 MPH) Mike Schermerhorn to third Adam Slade to second
|
Batting: LHB Joe Vida
|
0-0: Ball 1-0: Swinging Strike 1-1: Ball 2-1: Foul Ball, location: 2F 2-2: SINGLE (Groundball, 4, EV 98.1 MPH) Mike Schermerhorn scores Adam Slade to third Brian Warren to second Throwing error, E9 Adam Slade scores Brian Warren to third Joe Vida to second
|
Batting: RHB Mike Zern
|
0-0: Called Strike 0-1: Ball 1-1: 3-RUN HOME RUN (Flyball, 7LD, EV 93.1 MPH), Distance : 333 ft
|
Pitching: LHP Jose Andujar
|
|
Batting: SHB Josh Parker
|
0-0: Ball 1-0: Foul Ball, location: 2F 1-1: Ground out 2-3 (Groundball, 15S, EV 67.5 MPH)
|
Bottom of the 5th over - 5 runs, 4 hits, 1 error, 0 left on base; Chicago (NYP) 4 - Staten Island 7 |
TOP OF THE 6TH |
Chicago (NYP) White Sox batting - Pitching for Staten Island Yankees : RHP Nate LaCava
|
Batting: RHB David Clark
|
0-0: Called Strike 0-1: Ball 1-1: Swinging Strike 1-2: Strikes out swinging
|
Batting: RHB Armando Vazquez
|
0-0: Called Strike 0-1: Ball 1-1: Ball 2-1: Ball 3-1: Base on Balls
|
Pitching: RHP Bobby McDonnell
|
|
Batting: RHB Ioan Biros
|
0-0: Foul Ball, location: 2F 0-1: Ball 1-1: Fly out, F9 (Flyball, 9, EV 91.2 MPH)
|
Batting: LHB Adam Tarbutton
|
0-0: Ball Armando Vazquez steals 2nd base 1-0: Swinging Strike 1-1: Foul Ball, location: 2F 1-2: Strikes out looking
|
Top of the 6th over - 0 runs, 0 hits, 0 errors, 1 left on base; Chicago (NYP) 4 - Staten Island 7 |
BOTTOM OF THE 6TH |
Staten Island Yankees batting - Pitching for Chicago (NYP) White Sox : LHP Jose Andujar
|
Batting: RHB Nick Murray
|
0-0: Swinging Strike 0-1: Ball 1-1: Ball 2-1: Ball 3-1: Called Strike 3-2: Base on Balls
|
Batting: LHB Mike Schermerhorn
|
0-0: Ball 1-0: Fly out, F7 (Flyball, 7, EV 83.1 MPH)
|
Batting: RHB Nate Singleton
|
Pickoff Throw to First - Error! E1 Nick Murray to second 0-0: Called Strike 0-1: Ball 1-1: Swinging Strike 1-2: Strikes out looking
|
Batting: SHB Adam Slade
|
0-0: Ball 1-0: Swinging Strike 1-1: Swinging Strike 1-2: Strikes out swinging
|
Bottom of the 6th over - 0 runs, 0 hits, 1 error, 1 left on base; Chicago (NYP) 4 - Staten Island 7 |
TOP OF THE 7TH |
Chicago (NYP) White Sox batting - Pitching for Staten Island Yankees : RHP Bobby McDonnell
|
Batting: RHB Russ Cornett
|
0-0: Foul Ball, location: 2F 0-1: Foul Ball, location: 2F 0-2: Ground out 5-3 (Groundball, 56, EV 85.0 MPH)
|
Batting: SHB Alfie Bungledorf
|
0-0: Ball 1-0: Ball 2-0: Ball 3-0: Base on Balls
|
Batting: RHB Will Washburn
|
0-0: Ball 1-0: Called Strike 1-1: Called Strike Alfie Bungledorf steals 2nd base 1-2: Strikes out swinging
|
Pitching: LHP John Stull
|
|
Batting: RHB Adan Lake
|
0-0: Called Strike 0-1: Called Strike 0-2: TRIPLE (Line Drive, 89XD, EV 105.6 MPH) Alfie Bungledorf scores
|
Batting: SHB Curtis Thompson
|
0-0: Ball Wild Pitch! Adan Lake scores 1-0: Called Strike 1-1: Ball 2-1: Ball 3-1: DOUBLE (Line Drive, 3D, EV 98.8 MPH)
|
Batting: RHB David Clark
|
0-0: Ball 1-0: Ball 2-0: Ball 3-0: Foul Ball, location: 2F 3-1: Swinging Strike 3-2: Foul Ball, location: 2F 3-2: Base on Balls
|
Batting: RHB Armando Vazquez
|
0-0: Called Strike 0-1: Ball 1-1: Ball 2-1: Swinging Strike 2-2: Ground out 5-3 (Groundball, 56S, EV 67.5 MPH)
|
Top of the 7th over - 2 runs, 2 hits, 0 errors, 2 left on base; Chicago (NYP) 6 - Staten Island 7 |
BOTTOM OF THE 7TH |
Staten Island Yankees batting - Pitching for Chicago (NYP) White Sox : LHP Jose Andujar
|
Batting: RHB Norimoto Miyanishi
|
0-0: Foul Ball, location: 2F 0-1: SOLO HOME RUN (Flyball, 78XD, EV 105.0 MPH), Distance : 423 ft
|
Batting: RHB Brian Warren
|
0-0: Foul Ball, location: 2F 0-1: Foul Ball, location: 2F 0-2: Foul Ball, location: 2F 0-2: Ball 1-2: Strikes out swinging
|
Batting: LHB Joe Vida
|
0-0: DOUBLE (Line Drive, 89M, EV 103.1 MPH)
|
Batting: RHB Mike Zern
|
0-0: Foul Ball, location: 2F 0-1: Swinging Strike 0-2: Ball 1-2: Strikes out swinging
|
Batting: SHB Josh Parker
|
0-0: Ball 1-0: Ball 2-0: Called Strike 2-1: Ball 3-1: Base on Balls
|
Batting: RHB Nick Murray
|
0-0: SINGLE (Line Drive, 9S, EV 93.1 MPH) Joe Vida to third Josh Parker to second Runner from 3rd tries for Home, SAFE, throw by RF to home
|
Batting: LHB Mike Schermerhorn
|
0-0: Ball 1-0: Swinging Strike 1-1: Ball 2-1: Foul Ball, location: 2F 2-2: SINGLE (Groundball, 4M, EV 103.1 MPH) (infield hit) Josh Parker to third Nick Murray to second
|
Pitching: LHP Miguel Moreno
|
|
Batting: RHB Nate Singleton
|
0-0: Ball 1-0: Ball 2-0: Ball 3-0: Called Strike 3-1: Called Strike 3-2: SINGLE (Flyball, 78S, EV 83.1 MPH) Josh Parker scores Nick Murray to third Mike Schermerhorn to second Nick Murray scores Mike Schermerhorn to third
|
Batting: SHB Adam Slade
|
0-0: Foul Ball, location: 2F 0-1: Fielders Choice at 2nd, 5-4 (Groundball, 5L, EV 90.0 MPH)
|
Bottom of the 7th over - 4 runs, 5 hits, 0 errors, 2 left on base; Chicago (NYP) 6 - Staten Island 11 |
TOP OF THE 8TH |
Chicago (NYP) White Sox batting - Pitching for Staten Island Yankees : LHP John Stull
|
Pitching: LHP Jon Moore
|
|
Batting: RHB Ioan Biros
|
0-0: Called Strike 0-1: Ball 1-1: SINGLE (Flyball, 5D, EV 92.5 MPH)
|
Batting: LHB Adam Tarbutton
|
0-0: Ball 1-0: Foul Ball, location: 2F 1-1: Foul Ball, location: 2F 1-2: Ball 2-2: SINGLE (Groundball, 34S, EV 80.6 MPH) (infield hit) Ioan Biros to second
|
Batting: RHB Russ Cornett
|
0-0: Called Strike 0-1: Ball 1-1: Called Strike 1-2: Strikes out swinging
|
Batting: SHB Alfie Bungledorf
|
0-0: Called Strike 0-1: Ball Wild Pitch! Ioan Biros to third Adam Tarbutton to second 1-1: Ground out 5-3 (Groundball, 5, EV 88.1 MPH)
|
Batting: RHB Will Washburn
|
0-0: Ball 1-0: Foul Ball, location: 2F 1-1: Swinging Strike 1-2: SINGLE (Groundball, 56D, EV 97.5 MPH) Ioan Biros scores Adam Tarbutton to third Runner from 3rd tries for Home, SAFE, throw by LF to home
|
Batting: RHB Adan Lake
|
0-0: Ball 1-0: Ball Passed Ball! Will Washburn to second 2-0: Ball 3-0: Called Strike 3-1: Foul Ball, location: 2F 3-2: Strikes out looking
|
Top of the 8th over - 2 runs, 3 hits, 0 errors, 1 left on base; Chicago (NYP) 8 - Staten Island 11 |
BOTTOM OF THE 8TH |
Staten Island Yankees batting - Pitching for Chicago (NYP) White Sox : LHP Miguel Moreno
|
Batting: RHB Norimoto Miyanishi
|
0-0: Ground out 6-3 (Groundball, 6S, EV 69.4 MPH)
|
Batting: RHB Brian Warren
|
0-0: Called Strike 0-1: Foul Ball, location: 2F 0-2: Ball 1-2: Foul Ball, location: 2F 1-2: Ball 2-2: Strikes out swinging
|
Batting: LHB Joe Vida
|
0-0: Called Strike 0-1: Fly out, F9 (Flyball, 89S, EV 90.6 MPH)
|
Bottom of the 8th over - 0 runs, 0 hits, 0 errors, 0 left on base; Chicago (NYP) 8 - Staten Island 11 |
TOP OF THE 9TH |
Chicago (NYP) White Sox batting - Pitching for Staten Island Yankees : LHP Jon Moore
|
Batting: SHB Curtis Thompson
|
0-0: Ball 1-0: Ball 2-0: Ball 3-0: Called Strike 3-1: Foul Ball, location: 2F 3-2: Foul Ball, location: 2F 3-2: Foul Ball, location: 2F 3-2: SINGLE (Line Drive, 56, EV 103.1 MPH)
|
Batting: RHB David Clark
|
0-0: Ball 1-0: SINGLE (Line Drive, 78S, EV 104.4 MPH) Curtis Thompson to second
|
Batting: RHB Armando Vazquez
|
0-0: Ball 1-0: Ball 2-0: SINGLE (Groundball, 25, EV 66.9 MPH) (infield hit) Curtis Thompson to third David Clark to second
|
Batting: RHB Ioan Biros
|
0-0: Fielders Choice at 2nd, 6-4 (Groundball, 6, EV 81.9 MPH) Curtis Thompson scores David Clark to third
|
Pinch Hitting: RHB Scott Schwartz
|
0-0: Called Strike 0-1: Ball 1-1: Ball 2-1: Swinging Strike 2-2: DOUBLE (Flyball, 78XD, EV 98.1 MPH) David Clark scores Ioan Biros to third
|
Batting: RHB Russ Cornett
|
0-0: Ball 1-0: Called Strike 1-1: Ball 2-1: SINGLE (Groundball, 56D, EV 105.0 MPH) Ioan Biros scores Scott Schwartz to third Runner from 3rd tries for Home, SAFE, throw by LF to home
|
Batting: SHB Alfie Bungledorf
|
0-0: Ball 1-0: Foul Ball, location: 2F 1-1: Ball 2-1: SINGLE (Groundball, 56S, EV 67.5 MPH) (infield hit) Russ Cornett to second
|
Batting: RHB Will Washburn
|
0-0: Fly out, F8 (Flyball, 8RXD, EV 98.1 MPH) Runner from 2nd tags up, SAFE at 3rd, no throw by CF
|
Batting: RHB Adan Lake
|
0-0: Ball Alfie Bungledorf steals 2nd, throwing error, E2 Russ Cornett scores Alfie Bungledorf to third 1-0: Called Strike 1-1: Ground out U3 (Groundball, 13, EV 77.5 MPH)
|
Top of the 9th over - 5 runs, 6 hits, 1 error, 1 left on base; Chicago (NYP) 13 - Staten Island 11 |
BOTTOM OF THE 9TH |
Staten Island Yankees batting - Pitching for Chicago (NYP) White Sox : LHP Miguel Moreno
|
Pitching: RHP Toyotoshi Matsui
|
|
Now at 3B: Tim Connell
|
|
Now in LF: James Groshong
|
|
Batting: RHB Mike Zern
|
0-0: Ground out 5-3 (Groundball, 56, EV 85.0 MPH)
|
Batting: SHB Josh Parker
|
0-0: Ball 1-0: Fly out, F8 (Flyball, 8LD, EV 86.9 MPH)
|
Batting: RHB Nick Murray
|
0-0: Ball 1-0: Called Strike 1-1: Swinging Strike 1-2: Ball 2-2: Strikes out swinging
|
Bottom of the 9th over - 0 runs, 0 hits, 0 errors, 0 left on base; Chicago (NYP) 13 - Staten Island 11 |
|